 Dungeon Crawl Stone Soup version 0.32-a0-361-g289a535 (webtiles) character file.

Game seed: 10501334037576501858

16 Nithhogg the Trooper (level 2, -10/26 HPs)
             Began as a Mountain Dwarf Fighter on Feb 18, 2024.
             Mangled by a goblin
             ... wielding a +1 dagger of electrocution
              (20 damage)
             ... on level 1 of the Dungeon.
             The game lasted 00:00:27 (248 turns).

Nithhogg the Trooper (Mountain Dwarf Fighter)        Turns: 248, Time: 00:00:27

Health: -10/26     AC:  6    Str: 18    XL:     2   Next: 37%
Magic:  2/2        EV:  9    Int:  8    God:
Gold:   53         SH:  0    Dex:  9    Spells: 1/1 levels left

rFire   . . .        a - +0 war axe
rCold   . . .        (no shield)
rNeg    . . .        b - +0 scale mail
rPois   .            (no helmet)
rElec   .            (no cloak)
rCorr   .            (no gloves)
SInv    .            (no boots)
Will    .....        (no amulet) Stlth
                     (no ring)
HPRegen 0.24/turn    (no ring)
MPRegen 0.08/turn

%: no passive effects
@: no status effects
A: runic magic, artefact enchanting
a: no special abilities


You were on level 1 of the Dungeon.
You visited 1 branch of the dungeon, and saw 1 of its levels.

You collected 53 gold pieces.

Inventory:

Hand Weapons
 a - a +0 war axe (weapon)
Armour
 b - a +0 scale mail (worn)
 c - a +0 buckler
Scrolls
 e - 2 scrolls of teleportation {unknown}
Potions
 d - a potion of might
 f - a potion of berserk rage {unknown}


   Skills:
 + Level 3.5 Fighting
 + Level 2.8 Axes
 + Level 3.5 Armour
 - Level 3.2 Shields
 + Level 1.2 Invocations


You had one spell level left.
You didn't know any spells.
Your spell library contained the following spells:

 Spells                   Type           Power      Damage    Failure   Level
 Sandblast                Erth           0%         2d4       50%         1
 Passwall                 Erth           0%         N/A       86%         3
 Stone Arrow              Conj/Erth      0%         3d7       86%         3
 Brom's Barrelling Bould  Conj/Erth      0%         2d3       99%         4


Dungeon Overview and Level Annotations

Branches:
Dungeon (1/15)

Altars:


Innate Abilities, Weirdness & Mutations

Your spellcasting is much less encumbered by armour.
You can use scrolls of enchantment on lesser artefacts.


Message History

The kobold hits you but does no damage.
You closely miss the kobold. The kobold hits you but does no damage.
The kobold barely misses you.
A kobold is nearby!
You slash the kobold!
You kill the kobold!
You see here a +0 club.
You open the door.
There is an open door here.
You open the door.
There is an open door here.
You pick up a book of Geomancy and begin reading...
You add the spells Sandblast, Passwall, Stone Arrow and Brom's Barrelling Boulder to your library.
You open the door.
There is an open door here.
You open the door.
There is an open door here.
A goblin comes into view.
It is wielding a +1 dagger of electrocution.
The goblin shouts!
A goblin is nearby!
Found 8 gold pieces.
The goblin hits you but does no damage.
You are electrocuted!
Ouch! That really hurt!
You are too injured to fight recklessly!
You are too injured to fight recklessly!
You are too injured to fight recklessly!
You are too injured to fight recklessly!
You are too injured to fight recklessly!
You are too injured to fight recklessly!
You are too injured to fight recklessly!
You are too injured to fight recklessly!
You are too injured to fight recklessly!
You are too injured to fight recklessly!
A goblin is nearby!
You hit the goblin.
The goblin is severely wounded.
The goblin hits you with a +1 dagger of electrocution.
You are electrocuted!!
Ouch! That really hurt!
You die...

#.#...........
#'#.#...#.#.##
#####.#.#.......#.
#...............#.
#.##....(.......#.
#.##............#.
#.##............#.
#.##.##............#.
#...@..........###.#.
#$..g........#.# #...
#........#####.#.#†#.
..........+
..........
............#
###.#.#.#.
........#####
>....... ........#
#.#.#.#. ........#
#........ ##.#.#.#.


You could see a goblin.

Vanquished Creatures
  A dart slug (D:1)
  A bat (D:1)
  A giant cockroach (D:1)
  A quokka (D:1)
  3 kobolds (D:1)
  A rat (D:1)
8 creatures vanquished.

Notes
Turn   | Place    | Note
-------+----------+-------------------------------------------
     0 | D:1      | Nithhogg the Mountain Dwarf Fighter began the quest for the
                  | Orb.
     0 | D:1      | Reached XP level 1. HP: 19/19 MP: 1/1
    80 | D:1      | Found a faded altar of an unknown god.
   111 | D:1      | Reached skill level 1 in Invocations
   111 | D:1      | Reached XP level 2. HP: 22/26 MP: 2/2
   248 | D:1      | Mangled by a goblin

Illustrated notes

Levels and vault maps discovered:
D:1:      matt_arrival_los_fun, layout_basic, ebering_ecumenical_altar_mist,
          st_stairs_9

Skill      XL: |  1 |
---------------+----+-----
Invocations    | 1 |  1.2
Fighting       | |  3.5
Axes           | |  2.8
Armour         | |  3.5
Shields        | |  3.2

Action                     || total
---------------------------++-------
  Melee: War axe           ||    27
 Armour: Scale mail        ||    24
  Dodge: Dodged            ||    13

Table legend: (Time is in decaauts)
 A = Elapsed time spent in this place.
 B = Non-inter-level travel time spent in this place.
 C = Inter-level travel time spent in this place.
 D = Time resting spent in this place.
 E = Time spent auto-exploring this place.
 F = Levels seen in this place.
 G = Mean time per level.
                   A        B        C        D        E       F      G
               +--------+--------+--------+--------+--------+-----+--------+
         Total |    257 |    257 |      0 |      0 |    184 |   1 |  257.0 |
       Dungeon |    257 |    257 |      0 |      0 |    184 |   1 |  257.0 |
               +--------+--------+--------+--------+--------+-----+--------+

Top non-repeatable levels by time:
     D:1: 257 daAuts
